AoeStats
← Comend x comend

Arena

510390220Analyzed
4v4 RM · 12h ago on Sep 30, 2026· 44m 10s· 8 players
Game mode
Random Map
Map size
Large (8 player)
Population
200
Speed
Normal
Resources
Standard
Victory
Conquest
Starting age
Dark Age
Ending age
Imperial Age
RankedLock teamsTeams togetherTeam positionsShared explorationLock speedFull tech treeHidden civsTurbo modeCheats
Victory
Defeat
🇷🇺 Goths · Russia
1491
+13
🇧🇷 Khmer · Brazil
1437
+15
🇨🇳 Byzantines · China
1366
+18
🇺🇸 Mongols · United States
1346
+45
1450
-18
🇵🇪 Berbers · Peru
1410
-16
🇳🇴 Khmer · Norway
1408
-16
🇫🇷 Bohemians · France
1399
-16
Sasha The Bunny
10:51 Feudal Age
14:05 Castle Age
11:57 Double-Bit Axe
12:11 Horse Collar
15:32 Heavy Plow
16:46 Bow Saw
18:50 Loom
18:51 Town Watch
19:46 Fervor
22:33 Scale Barding Armor
22:19 Fletching
27:19 Wheelbarrow
28:01 Stone Mining
28:01 Gold Mining
29:20 Stone Shaft Mining
29:02 Bloodlines
32:21 Imperial Age
30:12 Hand Cart
30:04 Husbandry
30:10 Padded Archer Armor
31:13 Tusk Swords
31:56 Masonry
32:07 Ballistics
31:44 Bodkin Arrow
32:10 Chain Barding Armor
32:01 Forging
32:07 Leather Archer Armor
32:32 Elite Ballista Elephant
33:33 Conscription
34:57 Siege Engineers
35:24 Double Crossbow
36:57 Ring Archer Armor
37:27 Architecture
36:57 Light Cavalry
38:58 Hoardings
40:22 Hussar
41:40 Iron Casting
Inf4me
10:37 Feudal Age
14:31 Castle Age
12:35 Double-Bit Axe
15:25 Horse Collar
18:24 Loom
19:18 Wheelbarrow
21:26 Bow Saw
21:16 Heavy Plow
27:20 Imperial Age
25:21 Town Watch
28:09 Chemistry
32:34 Forging
32:24 Scale Mail Armor
33:01 Squires
32:46 Arson
32:24 Pikeman
32:45 Houfnice
33:24 Man-at-Arms
34:03 Fletching
34:49 Iron Casting
35:00 Ballistics
35:12 Halberdier
38:29 Two-Man Saw
38:28 Bodkin Arrow
38:33 Padded Archer Armor
40:41 Chain Mail Armor
40:33 Long Swordsman
42:10 Two-Handed Swordsman
43:52 Blast Furnace
Comend x comend
11:15 Feudal Age
12:36 Loom
15:06 Castle Age
16:02 Double-Bit Axe
22:06 Gold Mining
33:02 Imperial Age
35:50 Chemistry
eartahhj | GamingHouse
10:24 Feudal Age
14:50 Castle Age
13:11 Double-Bit Axe
13:44 Horse Collar
15:54 Bow Saw
19:23 Loom
22:23 Fletching
23:23 Bodkin Arrow
24:46 Padded Archer Armor
25:00 Husbandry
25:12 Man-at-Arms
25:38 Gambesons
25:53 Squires
26:53 Wheelbarrow
26:20 Gold Mining
26:04 Long Swordsman
26:31 Arson
26:58 Forging
26:48 Scale Mail Armor
30:06 Iron Casting
29:46 Chain Mail Armor
32:04 Imperial Age
29:20 Town Watch
29:11 Elite Skirmisher
30:18 Heavy Plow
30:55 Leather Archer Armor
32:05 Two-Handed Swordsman
32:48 Bracer
33:50 Blast Furnace
33:20 Plate Mail Armor
33:23 Conscription
33:12 Champion
36:17 Bracer
36:48 Ring Archer Armor
37:20 Chemistry
36:40 Ballistics
37:00 Crossbowman
38:55 Arbalester
42:43 Yeomen
I ONLY MAKE PETARDS
11:25 Feudal Age
12:14 Double-Bit Axe
15:24 Castle Age
13:42 Horse Collar
16:32 Bow Saw
22:17 Wheelbarrow
25:10 Gold Mining
29:49 Imperial Age
27:47 Hand Cart
27:19 Loom
27:32 Stone Mining
27:52 Fletching
28:36 Bodkin Arrow
29:01 Padded Archer Armor
30:14 Leather Archer Armor
30:23 Ballistics
30:17 Thumb Ring
30:24 Bloodlines
30:14 Husbandry
30:38 Bracer
31:12 Conscription
30:56 Elite Mangudai
32:12 Heavy Scorpion
34:26 Chemistry
34:34 Drill
37:40 Siege Engineers
39:01 Capped Ram
42:26 Siege Ram
GAX | Gabasco
10:22 Feudal Age
13:37 Castle Age
12:08 Double-Bit Axe
12:06 Horse Collar
14:33 Bow Saw
14:35 Heavy Plow
18:15 Wheelbarrow
18:52 Loom
19:49 Stone Mining
21:24 Gold Mining
24:20 Hand Cart
25:24 Gold Shaft Mining
26:48 Stone Shaft Mining
28:49 Imperial Age
26:54 Pikeman
28:23 Scale Mail Armor
28:34 Forging
28:41 Arson
28:59 Halberdier
29:56 Chain Mail Armor
30:06 Ballistics
30:48 Chemistry
29:53 Double Crossbow
30:14 Conscription
29:59 Onager
31:36 Iron Casting
33:17 Blast Furnace
32:10 Capped Ram
36:00 Siege Ram
38:53 Heavy Scorpion
Watermelon
11:23 Feudal Age
12:06 Double-Bit Axe
15:00 Castle Age
14:18 Horse Collar
16:09 Bow Saw
17:28 Loom
32:04 Imperial Age
30:37 Wheelbarrow
31:17 Scale Mail Armor
31:26 Anarchy
32:33 Hand Cart
32:28 Scale Mail Armor
34:15 Two-Man Saw
33:41 Chain Mail Armor
33:49 Conscription
33:38 Heavy Plow
34:29 Forging
34:39 Perfusion
35:20 Squires
35:31 Man-at-Arms
36:47 Iron Casting
35:48 Long Swordsman
36:24 Two-Handed Swordsman
36:44 Champion
37:47 Capped Ram
40:09 Blast Furnace
42:38 Town Watch
43:54 Gold Mining
初夏花开
6:55 Loom
10:01 Feudal Age
16:11 Castle Age
15:54 Horse Collar
16:00 Double-Bit Axe
18:03 Forging
19:36 Scale Mail Armor
27:14 Wheelbarrow
26:30 Man-at-Arms
30:11 Imperial Age
28:07 Bow Saw
28:01 Heavy Plow
27:26 Pikeman
28:17 Squires
30:38 Fortified Wall
31:59 Hand Cart
32:24 Iron Casting
32:12 Chain Mail Armor
32:08 Gold Mining
34:14 Capped Ram
35:22 Halberdier
37:39 Two-Man Saw
36:11 Siege Ram
38:18 Elite Varangian Guard
40:12 Crop Rotation
40:57 Plate Mail Armor
41:43 Murder Holes
43:02 Gold Shaft Mining
Connection lost

Rejoining the realm…

Still unreachable

The connection could not be restored.

Session expired

The server has moved on; the page needs a fresh start.